L4
BRASILIA COSMOS @ TUNISIA GLORY
06/07/2111
 
TOP OF THE 1ST
Patna Kernels batting - Pitching for Bamako Surge : RHP Zewde Mufid
Pitching: RHP Zewde Mufid
Batting: RHB Kurt Crouse 0-0: Foul Ball, location: 2F
0-1: Called Strike
0-2: Ball
1-2: Ball
2-2: Ball
3-2: SINGLE (Groundball, 34D, EV 110.6 MPH)
Batting: RHB Isaya Drampian 0-0: Bunted foul
0-1: Sac Bunt to 2R - play at first, batter OUT! 2-3
Kurt Crouse to second
Batting: RHB Herbert Oprchal 0-0: Ball
1-0: Ball
2-0: Ball
3-0: Called Strike
3-1: Called Strike
3-2: Foul Ball, location: 9LMF
3-2: Foul Ball, location: 9LMF
3-2: Foul Ball, location: 2F
3-2: Fly out, F8 (Flyball, 8LS, EV 90.6 MPH)
Batting: LHB Modesto Nerra 0-0: Ball
1-0: Foul Ball, location: 2F
1-1: Called Strike
1-2: Strikes out looking
Top of the 1st over - 0 runs, 1 hit, 0 errors, 1 left on base; Patna 0 - Bamako 0
BOTTOM OF THE 1ST
Bamako Surge batting - Pitching for Patna Kernels : RHP Robert Tamoria
Pitching: RHP Robert Tamoria
Batting: RHB Viet Trieu 0-0: Ball
1-0: Ground out 6-3 (Groundball, 6S, EV 83.8 MPH)
Batting: RHB Kareem Muntasir 0-0: Foul Ball, location: 23F
0-1: Ball
1-1: Swinging Strike
1-2: Ground out 6-3 (Groundball, 6MD, EV 102.5 MPH)
Batting: RHB Juma Lusalah 0-0: Fly out, F9 (Flyball, 89S, EV 95.0 MPH)
Bottom of the 1st over - 0 runs, 0 hits, 0 errors, 0 left on base; Patna 0 - Bamako 0
TOP OF THE 2ND
Patna Kernels batting - Pitching for Bamako Surge : RHP Zewde Mufid
Batting: RHB Sashenka Gorgulov 0-0: Fly out, F9 (Flyball, 89D, EV 100.6 MPH)
Batting: LHB Hamid Jibril 0-0: Called Strike
0-1: Ground out 1-3 (Groundball, 13S, EV 72.5 MPH)
Batting: RHB Andrew Papanicolaou 0-0: Ball
1-0: Called Strike
1-1: Ground out 5-3 (Groundball, 56S, EV 87.5 MPH)
Top of the 2nd over - 0 runs, 0 hits, 0 errors, 0 left on base; Patna 0 - Bamako 0
BOTTOM OF THE 2ND
Bamako Surge batting - Pitching for Patna Kernels : RHP Robert Tamoria
Batting: RHB Mitsuo Shindo 0-0: Ball
1-0: Called Strike
1-1: Swinging Strike
1-2: Foul Ball, location: 5DF
1-2: Ball
2-2: Foul Ball, location: 23FF
2-2: SINGLE (Line Drive, 5D, EV 94.4 MPH)
Batting: LHB Jasim bin Mash'al 0-0: Fielders Choice at 2nd, 6-4 (Groundball, 6, EV 80.6 MPH)
Batting: SHB Adel bin Sahir 0-0: Ball
1-0: Grounds into double play, 4-6-3 (Groundball, 4D, EV 100.0 MPH)
Bottom of the 2nd over - 0 runs, 1 hit, 0 errors, 0 left on base; Patna 0 - Bamako 0
TOP OF THE 3RD
Patna Kernels batting - Pitching for Bamako Surge : RHP Zewde Mufid
Batting: LHB Thai Mac 0-0: Swinging Strike
0-1: Ball
1-1: Foul Ball, location: 23F
1-2: Ball
2-2: Strikes out looking
Batting: LHB Sejdo Kochiu 0-0: Ball
1-0: Swinging Strike
1-1: Foul Ball, location: 5SF
1-2: Ball
2-2: Foul Ball, location: 2F
2-2: Foul Ball, location: 7LSF
2-2: Ball
3-2: Ground out U3 (Groundball, 3, EV 110.0 MPH)
Batting: RHB Kurt Crouse 0-0: Ball
1-0: Foul Ball, location: 3SF
1-1: Foul Ball, location: 5FF
1-2: DOUBLE (Line Drive, 9LM, EV 106.3 MPH)
Batting: RHB Isaya Drampian 0-0: Ball
1-0: Foul Ball, location: 5DF
1-1: Ball
2-1: Swinging Strike
2-2: Strikes out looking
Top of the 3rd over - 0 runs, 1 hit, 0 errors, 1 left on base; Patna 0 - Bamako 0
BOTTOM OF THE 3RD
Bamako Surge batting - Pitching for Patna Kernels : RHP Robert Tamoria
Batting: LHB Shura Veremeev 0-0: Swinging Strike
0-1: Fly out, F8 (Flyball, 8LS, EV 96.9 MPH)
Batting: RHB Shareef bin Sharif 0-0: Ball
1-0: Ball
2-0: Foul Ball, location: 2LF
2-1: Ball
3-1: Called Strike
3-2: Ground out U3 (Groundball, 3S, EV 81.9 MPH)
Batting: SHB Ubaid Fakhiri 0-0: Ball
1-0: Swinging Strike
1-1: Ball
2-1: Swinging Strike
2-2: Strikes out swinging
Bottom of the 3rd over - 0 runs, 0 hits, 0 errors, 0 left on base; Patna 0 - Bamako 0
TOP OF THE 4TH
Patna Kernels batting - Pitching for Bamako Surge : RHP Zewde Mufid
Batting: RHB Herbert Oprchal 0-0: Fly out, F3 (Popup, 3S, EV 65.6 MPH)
Batting: LHB Modesto Nerra 0-0: Called Strike
0-1: Called Strike
0-2: Foul Ball, location: 2F
0-2: Ball
1-2: Ball
2-2: Fly out, F8 (Flyball, 8RM, EV 95.6 MPH)
Batting: RHB Sashenka Gorgulov 0-0: Called Strike
0-1: SINGLE (Groundball, 56S, EV 63.8 MPH) (infield hit)
Batting: LHB Hamid Jibril 0-0: Ground out 4-3 (Groundball, 34D, EV 108.1 MPH)
Top of the 4th over - 0 runs, 1 hit, 0 errors, 1 left on base; Patna 0 - Bamako 0
BOTTOM OF THE 4TH
Bamako Surge batting - Pitching for Patna Kernels : RHP Robert Tamoria
Batting: RHB Viet Trieu 0-0: Ball
1-0: Called Strike
1-1: Foul Ball, location: 2F
1-2: Strikes out swinging
Batting: RHB Kareem Muntasir 0-0: DOUBLE (Line Drive, 8LD, EV 100.6 MPH)
Batting: RHB Juma Lusalah 0-0: Ball
1-0: Ball
2-0: Called Strike
2-1: Foul Ball, location: 25F
2-2: Foul Ball, location: 3FF
2-2: Fly out, F6 (Popup, P, EV 84.4 MPH)
Batting: RHB Mitsuo Shindo 0-0: Ball
1-0: Ball
2-0: Ball
3-0: Called Strike
3-1: Swinging Strike
3-2: Ground out 6-3 (Groundball, 6M, EV 103.8 MPH)
Bottom of the 4th over - 0 runs, 1 hit, 0 errors, 1 left on base; Patna 0 - Bamako 0
TOP OF THE 5TH
Patna Kernels batting - Pitching for Bamako Surge : RHP Zewde Mufid
Batting: RHB Andrew Papanicolaou 0-0: Ball
1-0: Swinging Strike
1-1: Foul Ball, location: 25F
1-2: Ball
2-2: Ball
3-2: Foul Ball, location: 5FF
3-2: Fly out, F7 (Flyball, 7, EV 95.0 MPH)
Batting: LHB Thai Mac 0-0: Ball
1-0: Fly out, F8 (Flyball, 8LXD, EV 105.0 MPH)
Batting: LHB Sejdo Kochiu 0-0: Foul Ball, location: 2F
0-1: Foul Ball, location: 3FF
0-2: Ball
1-2: Fly out, F8 (Flyball, 78M, EV 88.8 MPH)
Top of the 5th over - 0 runs, 0 hits, 0 errors, 0 left on base; Patna 0 - Bamako 0
BOTTOM OF THE 5TH
Bamako Surge batting - Pitching for Patna Kernels : RHP Robert Tamoria
Batting: LHB Jasim bin Mash'al 0-0: Ground out 4-3 (Groundball, 34D, EV 105.6 MPH)
Batting: SHB Adel bin Sahir 0-0: Ball
1-0: Swinging Strike
1-1: Foul Ball, location: 5F
1-2: Ball
2-2: Fly out, F9 (Flyball, 89S, EV 78.8 MPH)
Batting: LHB Shura Veremeev 0-0: Fly out, F6 (Flyball, 56D, EV 89.4 MPH)
Bottom of the 5th over - 0 runs, 0 hits, 0 errors, 0 left on base; Patna 0 - Bamako 0
TOP OF THE 6TH
Patna Kernels batting - Pitching for Bamako Surge : RHP Zewde Mufid
Batting: RHB Kurt Crouse 0-0: Called Strike
0-1: Ball
1-1: Fly out, F8 (Line Drive, 89M, EV 98.1 MPH)
Batting: RHB Isaya Drampian 0-0: Swinging Strike
0-1: Swinging Strike
0-2: Ball
1-2: SINGLE (Line Drive, 6M, EV 105.0 MPH)
Batting: RHB Herbert Oprchal 0-0: Ball
1-0: SINGLE (Flyball, 4D, EV 93.8 MPH)
Isaya Drampian to second
Batting: LHB Modesto Nerra 0-0: Ball
1-0: Fly out, F8 (Flyball, 78M, EV 90.6 MPH)
Batting: RHB Sashenka Gorgulov 0-0: Called Strike
0-1: Foul Ball, location: 3FF
0-2: Ball
1-2: Foul Ball, location: 2LF
1-2: Ground out 4-3 (Groundball, 4, EV 97.5 MPH)
Top of the 6th over - 0 runs, 2 hits, 0 errors, 2 left on base; Patna 0 - Bamako 0
BOTTOM OF THE 6TH
Bamako Surge batting - Pitching for Patna Kernels : RHP Robert Tamoria
Batting: RHB Shareef bin Sharif 0-0: Called Strike
0-1: Foul Ball, location: 5F
0-2: SINGLE (Line Drive, 4M, EV 93.8 MPH)
Batting: SHB Ubaid Fakhiri 0-0: Sac Bunt to 2R - play at first, batter OUT! 2-3
Shareef bin Sharif to second
Batting: RHB Viet Trieu 0-0: Called Strike
0-1: TRIPLE (Line Drive, 89XD, EV 93.1 MPH)
Shareef bin Sharif scores
Batting: RHB Kareem Muntasir 0-0: Called Strike
0-1: Bunt - Flyout to 25! F5
Batting: RHB Juma Lusalah 0-0: Called Strike
0-1: Fly out, F9 (Line Drive, 89S, EV 95.6 MPH)
Bottom of the 6th over - 1 run, 2 hits, 0 errors, 1 left on base; Patna 0 - Bamako 1
TOP OF THE 7TH
Patna Kernels batting - Pitching for Bamako Surge : RHP Zewde Mufid
Batting: LHB Hamid Jibril 0-0: Called Strike
0-1: Ground out 4-3 (Groundball, 4, EV 100.0 MPH)
Batting: RHB Andrew Papanicolaou 0-0: Ball
1-0: Called Strike
1-1: SINGLE (Groundball, 34D, EV 104.4 MPH)
Batting: LHB Thai Mac 0-0: Called Strike
0-1: Ball
1-1: Ball
2-1: Foul Ball, location: 5FF
2-2: Ball
3-2: Fly out, F8 (Flyball, 8LM, EV 88.8 MPH)
Batting: LHB Sejdo Kochiu 0-0: Ball
1-0: Called Strike
Andrew Papanicolaou steals 2nd base
1-1: Foul Ball, location: 25F
1-2: Foul Ball, location: 7LSF
1-2: Strikes out swinging
Top of the 7th over - 0 runs, 1 hit, 0 errors, 1 left on base; Patna 0 - Bamako 1
BOTTOM OF THE 7TH
Bamako Surge batting - Pitching for Patna Kernels : RHP Robert Tamoria
Batting: RHB Mitsuo Shindo 0-0: Ground out 5-3 (Groundball, 56S, EV 75.6 MPH)
Batting: LHB Jasim bin Mash'al 0-0: Called Strike
0-1: Foul Ball, location: 3F
0-2: Ball
1-2: Ball
2-2: Strikes out looking
Batting: SHB Adel bin Sahir 0-0: Ball
1-0: Called Strike
1-1: Ball
2-1: Called Strike
2-2: Fly out, F5 (Popup, 5SF, EV 76.3 MPH)
Bottom of the 7th over - 0 runs, 0 hits, 0 errors, 0 left on base; Patna 0 - Bamako 1
TOP OF THE 8TH
Patna Kernels batting - Pitching for Bamako Surge : RHP Zewde Mufid
Now at 1B: Adel bin Sahir
Now in RF: Hector Ramirez
Batting: RHB Kurt Crouse 0-0: Ball
1-0: Ball
2-0: Foul Ball, location: 9LSF
2-1: Foul Ball, location: 2F
2-2: Ball
3-2: Foul Ball, location: 3DF
3-2: Ground out 5-3 (Groundball, 56, EV 81.3 MPH)
Pitching: RHP Sabutai Huseinov
Pinch Hitting: LHB Gigi Kijana 0-0: Ball
1-0: Fly out, F7 (Flyball, 7, EV 80.6 MPH)
Batting: RHB Herbert Oprchal 0-0: Swinging Strike
0-1: Ball
1-1: Ball
2-1: Ball
3-1: Called Strike
3-2: Ground out 5-3 (Groundball, 5, EV 86.3 MPH)
Top of the 8th over - 0 runs, 0 hits, 0 errors, 0 left on base; Patna 0 - Bamako 1
BOTTOM OF THE 8TH
Bamako Surge batting - Pitching for Patna Kernels : RHP Robert Tamoria
Now in CF: Gigi Kijana
Batting: LHB Shura Veremeev 0-0: Ball
1-0: Ball
2-0: Foul Ball, location: 2F
2-1: Ball
3-1: Base on Balls
Batting: RHB Shareef bin Sharif 0-0: Sac Bunt to 25 - play at second, runner OUT! 5-6
Batting: SHB Ubaid Fakhiri 0-0: SINGLE (Line Drive, 7S, EV 107.5 MPH)
Shareef bin Sharif to second
Batting: RHB Viet Trieu 0-0: SINGLE (Line Drive, 6M, EV 100.0 MPH)
Shareef bin Sharif to third
Ubaid Fakhiri to second
Batting: LHB Hector Ramirez 0-0: Foul Ball, location: 7LDF
0-1: Ball
1-1: Called Strike
1-2: Ball
2-2: Strikes out swinging
Batting: RHB Juma Lusalah 0-0: Ball
1-0: Called Strike
1-1: Ball
2-1: Fly out, F2 (Popup, 2LF, EV 86.3 MPH)
Bottom of the 8th over - 0 runs, 2 hits, 0 errors, 3 left on base; Patna 0 - Bamako 1
TOP OF THE 9TH
Patna Kernels batting - Pitching for Bamako Surge : RHP Sabutai Huseinov
Pitching: LHP Driss Damu
Batting: LHB Modesto Nerra 0-0: Ball
1-0: Ground out 1-3 (Groundball, 13S, EV 72.5 MPH)
Batting: RHB Sashenka Gorgulov 0-0: Called Strike
0-1: Foul Ball, location: 2F
0-2: Ball
1-2: Ball
2-2: Strikes out swinging
Pinch Hitting: RHB Rodrigo Arias 0-0: Called Strike
0-1: Swinging Strike
0-2: Ball
1-2: Ball
2-2: Strikes out swinging
Top of the 9th over - 0 runs, 0 hits, 0 errors, 0 left on base; Patna 0 - Bamako 1
Wednesday, August 28th , 2024 - OOTP Baseball 25.8 Build 87